 Dungeon Crawl Stone Soup version 0.27.0-1-g7a089689b8 (webtiles) character file.

Game seed: 7506089486688797326

13 newuser the Magician (level 2, 1/21 HPs)
             Began as a Djinni Air Elementalist on Aug 1, 2021.
             Quit the game on level 1 of the Dungeon.
             The game lasted 00:00:58 (245 turns).

newuser the Magician (Djinni Air Elementalist)       Turns: 245, Time: 00:00:59

Health: 1/21       AC:  2    Str:  7    XL:     2   Next: 50%
Gold:   0          EV: 12    Int: 16    God:
                   SH:  0    Dex: 13

rFire    + + .     SeeInvis .   (no weapon)
rCold    x . .     Faith    .   (no shield)
rNeg     . . .     Spirit   .   a - +0 robe
rPois    ∞         Reflect  .   (no helmet)
rElec    .         Harm     .   (no cloak)
rCorr    .         Rampage  .   (no gloves)
Will     .....                  (boots unavailable)
Stlth    ++........             (no amulet)
HPRegen  0.07/turn              (no ring)
MPRegen  0.00/turn              (no ring)

@: flying
A: sickness immunity, fire resistance 2, cold vulnerability 1, float, innate
caster, hp casting, extra vitality 1
a: no special abilities


You were on level 1 of the Dungeon.
You visited 1 branch of the dungeon, and saw 1 of its levels.

Inventory:

Armour
 a - a +0 robe (worn)


   Skills:
 - Level 2.1 Dodging
 - Level 1.5 Stealth
 + Level 3.0 Spellcasting


You couldn't memorise any spells.
You knew the following spells:

 Your Spells              Type           Power      Damage    Failure   Level
a - Shock                 Conj/Air       48%        1d6       5%          1
b - Static Discharge      Conj/Air       12%        N/A       9%          2
c - Swiftness             Air            12%        N/A       16%         3
d - Airstrike             Air            6%         N/A       47%         4
Your spell library was empty.

Dungeon Overview and Level Annotations

Branches:
Dungeon (1/15)

Altars:


Innate Abilities, Weirdness & Mutations

You are immune to sickness and miasma.
You are immune to poison.
Your flesh is very heat resistant. (rF++)
You are vulnerable to cold. (rC-)
You float through the air rather than walking.
You learn spells naturally, not from books.
Your magical power is your life essence.
You have superior vitality. (+4 HP)


Message History

Aiming: Shock (safe; 6% risk of failure)
Press: ? - help, Shift-Dir - straight line The zap hits the quokka.
You kill the quokka!
The zap misses the jackal.
The zap hits the jackal.
The jackal is almost dead.
The zap hits the ball python.
You kill the ball python!
* * * LOW HITPOINT WARNING * * *
The jackal bites you.
* * * LOW HITPOINT WARNING * * *
You see here a jackal corpse.
Casting: Shock (safe; 6% risk of failure)
Confirm with . or Enter, or press ? or * to list all spells.
Aiming: Shock (safe; 6% risk of failure)
Press: ? - help, Shift-Dir - straight line The zap hits the jackal.
You kill the jackal!
The zap hits the jackal.
You kill the jackal!
The zap hits the jackal.
The jackal is heavily wounded.
* * * LOW HITPOINT WARNING * * *
A kobold comes into view. It is wielding a +0 dagger.
Your Spellcasting skill increases to level 3!
Unknown command.
Casting: Shock (safe; 5% risk of failure)
Confirm with . or Enter, or press ? or * to list all spells.
Aiming: Shock (safe; 5% risk of failure)
Press: ? - help, Shift-Dir - straight line The zap hits the jackal.
The jackal is severely wounded.
The zap hits the kobold.
You kill the kobold!
* * * LOW HITPOINT WARNING * * *
The jackal completely misses you.
You aren't carrying any potions.
You aren't carrying any potions.
You aren't carrying any potions.
Are you sure you want to abandon this character and quit the game? (Confirm with "yes".)

#.#.#######.#.#
#.#.........#.#
#.###########.#
#.............#
#######'#######.#
................# .
##.########.#####...
#.####.###.#.......
#.†[@h.††..).......
############.......
....... #######


You could see a jackal.

Vanquished Creatures
  7 jackals (D:1)
  A quokka (D:1)
  A ball python (D:1)
  A kobold (D:1)
  A rat (D:1)
11 creatures vanquished.

Notes
Turn   | Place    | Note
-------+----------+-------------------------------------------
     0 | D:1      | newuser the Djinni Air Elementalist began the quest for the
                  | Orb.
     0 | D:1      | Reached XP level 1. HP: 15/15 MP: 0/0
    50 | D:1      | Reached XP level 2. HP: 9/21 MP: 0/0
   244 | D:1      | Reached skill level 3 in Spellcasting
   245 | D:1      | Quit the game

Illustrated notes

Levels and vault maps discovered:
D:1:      matt_arrival_refuge, layout_rooms

Skill      XL: |  1  2 |
---------------+-------+-----
Spellcasting   | 3 |  3.0
Dodging        | |  2.1
Stealth        | |  1.5

Action                   || total
-------------------------++-------
Melee: Unarmed           ||     2
 Cast: Shock             ||    12
Dodge: Dodged            ||     5
